 Dungeon Crawl Stone Soup version 0.30-a0-715-gdb4ae3ece1 (webtiles) character file.

Game seed: 10283942172795479865

59 mopl the Sneak (level 4, -4/21 HPs)
             Began as a Vine Stalker Enchanter on Jan 24, 2023.
             Killed from afar by Crazy Yiuf (11 damage)
             ... with a puff of flame
             ... on level 2 of the Dungeon.
             The game lasted 00:02:09 (1580 turns).

mopl the Sneak (Vine Stalker Enchanter)             Turns: 1580, Time: 00:02:10

Health: -4/21      AC:  2    Str: 10    XL:     4   Next: 3%
Magic:  0/8        EV: 12    Int: 17    God:
Gold:   80         SH:  0    Dex: 15    Spells: 0/8 levels left

rFire   . . .      SeeInvis .    a - +1 dagger
rCold   . . .      Faith    .    (no shield)
rNeg    . . .      Spirit   +    b - +0 robe
rPois   .          Reflect  .    (no helmet)
rElec   .          Harm     .    (no cloak)
rCorr   .          Rampage  .    (no gloves)
Will    .....                    (no boots)
Stlth   +++                      (no amulet)
HPRegen 1.03/turn                (no ring)
MPRegen 0.11/turn                (no ring)

@: no status effects
A: fangs 2, regeneration 1, magic shield, antimagic bite, no potion heal 2
a: no special abilities


You were on level 2 of the Dungeon.
You visited 1 branch of the dungeon, and saw 2 of its levels.

You collected 80 gold pieces.

Inventory:

Hand Weapons
 a - a +1 dagger (weapon)
 m - a +0 rapier
Armour
 b - a +0 robe (worn)
Jewellery
 e - an amulet of regeneration
Scrolls
 f - a scroll of noise {unknown}
 g - a scroll of immolation {unknown}
 i - a scroll of poison {unknown}
 j - 2 scrolls of identify {unknown}
 k - a scroll of teleportation {unknown}
 l - a scroll of fear {unknown}
Potions
 c - 2 potions of invisibility
 d - 2 potions of curing {unknown}
 h - a potion of ambrosia {unknown}


   Skills:
 + Level 1.4 Short Blades
 - Level 1.5 Dodging
 * Level 4.4 Stealth
 + Level 2.6 Spellcasting
 * Level 3.6 Hexes
 + Level 0.6 Ice Magic


You couldn't memorise any spells.
You knew the following spells:

 Your Spells              Type           Power      Damage    Failure   Level
b - Ensorcelled Hibernat  Hex/Ice        18%        N/A       12%         2
c - Confusing Touch       Hex            14%        N/A       12%         3
d - Tukima's Dance        Hex            14%        N/A       12%         3

Your spell library contained the following spells:

 Spells                   Type           Power      Damage    Failure   Level
 Dazzling Flash           Conj/Hex       16%        N/A       26%         3


Dungeon Overview and Level Annotations

Branches:
Dungeon (2/15)

Altars:
Fedhas

Annotations:
D:2 Crazy Yiuf


Innate Abilities, Weirdness & Mutations

You have extremely sharp teeth.
Your natural rate of healing is unusually fast.
When hurt, damage is shared between your health and your magic reserves.
Your bite disrupts and absorbs the magic of your enemies.
Potions cannot restore your health.


Message History

You impale the endoplasm!!
You kill the endoplasm!
No reachable target in view!
You open the door.
Casting: Ensorcelled Hibernation (safe; 12% risk of failure)
Confirm with . or Enter, or press ? or * to list all spells.
The spell is extremely dangerous to miscast (12% risk of failure)!
Continue anyway? [Y]es or [N]o only, please.
The spell is extremely dangerous to miscast (12% risk of failure)!
Continue anyway? [Y]es or [N]o only, please.
The spell is extremely dangerous to miscast (12% risk of failure)!
Continue anyway?
Aiming: Tukima's Dance (extremely dangerous; 12% risk of failure)
Press: ? - help, Shift-Dir - straight line, f - Crazy Yiuf
Aim: Crazy Yiuf, wielding a +3 quarterstaff of chaos, wearing a +0 cloak and carrying a wand of flame (24) (wandering, hasn't noticed you, chance to affect: 56%) Crazy Yiuf resists with significant effort.
Crazy Yiuf hits you with a +3 quarterstaff of chaos!
Space warps around you.
Unknown command.
Casting: Tukima's Dance (extremely dangerous; 12% risk of failure)
Confirm with . or Enter, or press ? or * to list all spells.
The spell is extremely dangerous to miscast (12% risk of failure)!
Continue anyway?
Aiming: Tukima's Dance (extremely dangerous; 12% risk of failure)
Press: ? - help, Shift-Dir - straight line, f/p - Crazy Yiuf
Aim: Crazy Yiuf, wielding a +3 quarterstaff of chaos, wearing a +0 cloak and carrying a wand of flame (24) (chance to affect: 56%)
The +3 quarterstaff of chaos dances into the air!
Crazy Yiuf hits you.
* * * LOW HITPOINT WARNING * * *
You swap places.
Crazy Yiuf hits your +3 quarterstaff of chaos.
Your +3 quarterstaff of chaos hits Crazy Yiuf.
Your +3 quarterstaff of chaos freezes Crazy Yiuf.
Crazy Yiuf sings, "Trees, trees, trees, circus!"
Crazy Yiuf hits your +3 quarterstaff of chaos.
Your +3 quarterstaff of chaos falls from the air.
Crazy Yiuf zaps a wand.
The puff of flame hits you!
* * * LOW HITPOINT WARNING * * *
Crazy Yiuf grits, "Ten childish poople!"
Crazy Yiuf zaps a wand.
The puff of flame hits you!
Ouch! That really hurt!
You die...

#.##.##.......# #.####..
#<##.##.#.....#########>......
###.##.##.##..............####..
#............############.# ###
##.#....#####.# #.# #
...###.#.####.# #.######
#####.###.....#### #.......
##.#.####....# ######## ##.##
####@## ####### #.# #...##
#...... #.# #....# #.##### #.#
#+..'# #.# #.# #...## #.# #.#
##g..# #.# #.# ##.## #.# #.#
##.# #.# #.# #.## #.#


You could see Crazy Yiuf.

Vanquished Creatures
  2 adders (D:2)
  A worm (D:2)
  3 dart slugs
  2 ball pythons (D:2)
  6 endoplasms
  6 goblins
  2 hobgoblins (D:1)
  3 bats
  A frilled lizard (D:1)
  3 kobolds (D:2)
  5 rats
34 creatures vanquished.

Vanquished Creatures (others)
  A dancing weapon (D:2)
1 creature vanquished.

Grand Total: 35 creatures vanquished

Notes
Turn   | Place    | Note
-------+----------+-------------------------------------------
     0 | D:1      | mopl the Vine Stalker Enchanter began the quest for the
                  | Orb.
     0 | D:1      | Reached XP level 1. HP: 9/9 MP: 4/4
    76 | D:1      | Reached skill level 1 in Short Blades
    94 | D:1      | Reached XP level 2. HP: 5/13 MP: 1/6
    97 | D:1      | Learned a level 2 spell: Ensorcelled Hibernation
   206 | D:1      | Found a faded altar of an unknown god.
   344 | D:1      | Reached skill level 4 in Stealth
   816 | D:2      | Found a blossoming altar of Fedhas.
   853 | D:2      | Found a runed translucent door.
   854 | D:2      | Noticed Crazy Yiuf
   929 | D:2      | Reached XP level 3. HP: 16/16 MP: 2/7
   933 | D:2      | Learned a level 3 spell: Confusing Touch
  1400 | D:2      | Gained mutation: Your natural rate of healing is unusually
                  | fast. [Vine Stalker growth]
  1400 | D:2      | Reached XP level 4. HP: 21/21 MP: 8/8
  1410 | D:2      | Learned a level 3 spell: Tukima's Dance
  1580 | D:2      | Killed from afar by Crazy Yiuf

Illustrated notes

Levels and vault maps discovered:
D:1:      sevenhm_arrival_forest_fort_large_2, layout_loops_corners,
          basic_ecumenical_altar, dk_noncrumbling_3, minmay_misc_feat_doors
D:2:      layout_loops_ring, basic_altar, uniq_crazy_yiuf_cottage

Skill      XL: |  1  2 |
---------------+-------+-----
Short Blades   | 1 |  1.4
Stealth        | 4 |  4.4
Dodging        | |  1.5
Spellcasting   | |  2.6
Hexes          | |  3.6
Ice Magic      | |  0.6

Action                     |  1- 3 |  4- 6 || total
---------------------------+-------+-------++-------
  Melee: Dagger            |    57 |     1 ||    58
         Bite              |    14 |       ||    14
   Cast: Ensorcelled Hiber |     2 |       ||     2
         Tukima's Dance    |       |     2 ||     2
   Stab: Sleeping          |    18 |     1 ||    19
 Armour: Robe              |     6 |       ||     6
  Dodge: Dodged            |    18 |       ||    18

Table legend: (Time is in decaauts)
 A = Elapsed time spent in this place.
 B = Non-inter-level travel time spent in this place.
 C = Inter-level travel time spent in this place.
 D = Time resting spent in this place.
 E = Time spent auto-exploring this place.
 F = Levels seen in this place.
 G = Mean time per level.
                   A        B        C        D        E       F      G
               +--------+--------+--------+--------+--------+-----+--------+
         Total |   1576 |   1532 |     44 |      0 |   1276 |   2 |  788.0 |
       Dungeon |   1576 |   1532 |     44 |      0 |   1276 |   2 |  788.0 |
               +--------+--------+--------+--------+--------+-----+--------+

Top non-repeatable levels by time:
     D:1: 810 daAuts
     D:2: 765 daAuts
